Map: [ESL] Ancient Cistern

Players

Fjant

  • Race: Zerg Zerg
  • League: Grandmaster
  • Spawn Location: 7:00

trigger - Winner!

  • Race: Protoss Protoss
  • League: Grandmaster
  • Spawn Location: 1:00

Event: HomeStory Cup XXIII

VOD

Have the link to the VOD?

Description

Time

  • Played on: June 30, 2023, 2:20 p.m.
  • Length: 11:52

All games in this series

Show
View Real Time Build Order
Export as new Build Order

Fjant Zerg 

Build Orders: Hatch First 

Get SALT Encoding   

  12  0:00  Drone  
  13  0:14  Overlord  
  13  0:16  Drone  
  14  0:32  Drone x2  
  16  0:45  Drone  
  17  0:54  Hatchery  
  17  0:55  Drone  
  17  0:59  Drone  
  18  1:04  Extractor  
  17  1:14  Spawning Pool  
  17  1:16  Drone  
  17  1:19  Drone  
  18  1:30  Drone  
  19  1:40  Drone  
  20  1:54  Overlord  
  20  2:01  Queen  
  22  2:05  Queen  
  22  2:06  Zergling x2  
  22  2:07  Zergling x2  
  26  2:09  Metabolic Boost  
  26  2:16  Drone x2  
  28  2:23  Drone  
  29  2:35  Drone  
  30  2:38  Hatchery  
  29  2:46  Drone  
  29  2:47  Zergling x2  
  29  2:50  Drone  
  32  2:53  Drone  
  33  3:02  Spore Crawler  
  31  3:08  Spore Crawler  
  31  3:10  Drone  
  33  3:13  Overlord, Queen  
  33  3:18  Overlord, Queen  
  33  3:19  Extractor  
  37  3:29  Overlord  
  37  3:32  Zergling x4  
  40  3:34  Drone x3  
  40  3:37  Drone  
  40  3:41  Drone x2  
  44  3:43  Drone x2  
  44  3:47  Drone  
  47  3:55  Drone  
  48  4:02  Spore Crawler  
  46  4:03  Spore Crawler  
  46  4:04  Drone x2, Spore Crawler  
  45  4:15  Drone x8  
  53  4:21  Drone, Evolution Chamber  
  53  4:22  Drone  
  54  4:24  Drone  
  54  4:28  Drone x2  
  54  4:35  Drone x2, Overlord  
  55  4:39  Drone  
  55  4:41  Drone  
  57  4:47  Zerg Melee Weapons Level 1  
  57  4:51  Overlord, Drone  
  57  4:52  Drone, Queen  
  61  4:57  Queen  
  63  5:01  Drone x3  
  63  5:06  Zergling x6  
  69  5:09  Zergling x8  
  69  5:15  Drone x2  
  69  5:19  Drone  
  71  5:21  Drone  
  71  5:28  Drone x2  
  74  5:32  Drone x3  
  74  5:35  Drone  
  78  5:36  Hatchery  
  78  5:37  Drone  
  78  5:44  Lair  
  78  5:47  Drone, Spore Crawler  
  78  5:51  Overlord  
  78  5:56  Drone x2, Overlord  
  80  6:00  Zergling x4  
  80  6:01  Drone x2  
  79  6:08  Drone x3  
  81  6:11  Zergling x2  
  81  6:12  Zergling x4  
  81  6:15  Extractor x2  
  83  6:18  Zergling x2  
  83  6:21  Zergling x2  
  83  6:23  Zergling x8  
  86  6:26  Hatchery  
  86  6:32  Overlord  
  85  6:33  Drone  
  85  6:38  Drone x2  
  88  6:41  Drone x3  
  88  6:46  Drone x2  
  93  6:48  Hydralisk Den  
  93  6:51  Drone x6  
  93  6:52  Zerg Melee Weapons Level 2  
  98  6:54  Hatchery  
  98  6:55  Drone  
  98  6:56  Drone  
  98  7:01  Extractor  
  97  7:02  Extractor  
  97  7:06  Drone  
  97  7:07  Zergling x10  
  102  7:14  Overlord  
  102  7:15  Overlord  
  102  7:18  Overlord  
  102  7:20  Muscular Augments  
  102  7:21  Overlord  
  101  7:24  Overlord  
  101  7:29  Overlord  
  101  7:32  Drone x2  
  101  7:33  Drone x3  
  101  7:35  Zergling x2  
  101  7:36  Zergling x6, Baneling Nest  
  108  7:38  Drone  
  109  7:49  Zergling x16  
  109  7:50  Zergling x4  
  118  7:55  Hydralisk  
  118  7:58  Hydralisk x2  
  113  8:01  Hydralisk x4  
  113  8:05  Hydralisk  
  118  8:06  Hydralisk  
  118  8:11  Hydralisk x3  
  126  8:18  Hydralisk x3, Drone x2  
  134  8:20  Drone x3  
  134  8:21  Drone  
  134  8:22  Drone x2  
  140  8:28  Zergling x4  
  140  8:30  Baneling x6  
  140  8:32  Grooved Spines  
  140  8:33  Zergling x12  
  148  8:42  Zergling x6  
  148  8:46  Baneling x9  
  151  8:51  Zergling x14  
  151  8:53  Overlord  
  158  9:00  Zergling x12  
  156  9:11  Zergling x4  
  156  9:14  Overlord  
  152  9:17  Hydralisk x4  
  152  9:19  Hatchery  
  152  9:24  Overlord  
  159  9:25  Overlord  
  159  9:27  Centrifugal Hooks  
  159  9:28  Zerg Missile Weapons Level 1  
  159  9:30  Overlord  
  159  9:33  Hydralisk, Overlord  
  159  9:34  Hydralisk x3  
  159  9:38  Zergling x4  
  164  9:47  Zergling x26  
  164  9:52  Zergling x6  
  178  9:58  Baneling x13  
  178  9:59  Zergling x8  
  180  10:02  Zergling x4  
  180  10:06  Zergling x4  
  179  10:07  Baneling x5  
  179  10:13  Hydralisk  
  180  10:17  Zergling x12  
  180  10:19  Hydralisk  
  188  10:30  Zergling x12  
  188  10:35  Hydralisk x2  
  171  10:40  Zergling x2  
  157  10:45  Hydralisk x2  
  157  10:47  Zergling x2  
  157  10:48  Hydralisk x3  
  163  10:52  Zergling x4  
  163  10:56  Zergling x2  
  166  11:00  Zergling x4  
  168  11:06  Hydralisk x3  
  168  11:10  Zergling x4  
  171  11:18  Zergling x6  
  167  11:23  Zergling x2  
  167  11:24  Zergling x2  
  154  11:26  Zergling x4  
Show
View Real Time Build Order
Export as new Build Order

trigger Protoss - Winner!

Build Orders: 1 Gate Expand, Oracle Opening, Zealot Archon 

Get SALT Encoding   

  12  0:00  Probe  
  13  0:12  Probe  
  14  0:19  Pylon  
  14  0:24  Probe  
  15  0:37  Probe (Chrono Boost)  
  15  0:40  Gateway  
  16  0:47  Probe (Chrono Boost)  
  16  0:49  Assimilator  
  17  0:52  Probe (Chrono Boost)  
  18  1:03  Probe  
  19  1:15  Probe  
  20  1:25  Nexus  
  20  1:36  Cybernetics Core  
  20  1:39  Probe  
  21  1:46  Assimilator  
  21  1:52  Probe  
  22  1:56  Pylon  
  22  2:04  Probe  
  23  2:11  Adept (Chrono Boost)  
  23  2:12  Probe  
  25  2:20  Probe  
  25  2:21  Stargate  
  26  2:29  Warp Gate  
  27  2:32  Probe (Chrono Boost)  
  27  2:34  Adept  
  30  2:38  Probe (Chrono Boost)  
  32  2:47  Probe (Chrono Boost)  
  32  2:48  Probe (Chrono Boost)  
  33  2:53  Probe (Chrono Boost)  
  33  2:54  Probe  
  35  3:04  Adept, Oracle (Chrono Boost)  
  35  3:05  Probe  
  38  3:06  Probe  
  42  3:13  Pylon  
  42  3:17  Probe  
  42  3:18  Probe  
  44  3:25  Gateway  
  44  3:29  Probe  
  44  3:31  Probe  
  46  3:35  Oracle (Chrono Boost)  
  49  3:41  Probe  
  49  3:43  Probe, Pylon  
  51  3:55  Probe  
  53  3:56  Nexus  
  53  3:57  Probe  
  53  4:07  Probe  
  53  4:09  Probe, Oracle  
  58  4:17  Assimilator  
  58  4:19  Probe, Pylon, Assimilator  
  58  4:21  Probe  
  60  4:24  Adept  
  60  4:27  Shield Battery  
  62  4:37  Probe x2  
  64  4:39  Adept  
  66  4:49  Probe x2, Twilight Council  
  66  4:51  Forge  
  68  4:55  Pylon  
  68  4:56  Gateway  
  68  4:58  Gateway  
  68  5:01  Probe  
  68  5:03  Probe  
  70  5:08  Probe  
  70  5:13  Probe, Blink (Chrono Boost), Protoss Ground Weapons Level 1 (Chrono Boost)  
  72  5:16  Stalker x2  
  72  5:19  Probe  
  72  5:21  Probe  
  78  5:25  Probe  
  79  5:30  Pylon  
  79  5:31  Probe  
  79  5:33  Probe (Chrono Boost)  
  81  5:40  Probe (Chrono Boost), Stalker x2  
  86  5:45  Probe (Chrono Boost), Pylon  
  86  5:49  Probe (Chrono Boost)  
  89  5:51  Stalker  
  89  5:53  Stalker  
  89  5:54  Probe x2 (Chrono Boost)  
  95  5:57  Probe (Chrono Boost)  
  95  6:01  Nexus  
  91  6:06  Probe  
  91  6:09  Stalker x2  
  91  6:11  Probe  
  95  6:15  Probe, Pylon  
  96  6:19  Pylon, Stalker  
  96  6:22  Stalker  
  96  6:25  Probe  
  101  6:30  Gateway  
  101  6:31  Gateway  
  101  6:32  Probe  
  102  6:34  Probe  
  102  6:36  Assimilator  
  102  6:38  Stalker  
  105  6:40  Stalker  
  105  6:41  Templar Archives  
  105  6:45  Shield Battery  
  105  6:46  Zealot  
  109  6:50  Stalker  
  111  6:54  Protoss Ground Weapons Level 2 (Chrono Boost), Photon Cannon  
  111  6:56  Probe  
  111  6:58  Probe  
  111  7:01  Probe, Photon Cannon  
  114  7:08  Probe, Gateway  
  115  7:11  Zealot x2, Gateway  
  115  7:14  Probe (Chrono Boost)  
  118  7:21  Probe (Chrono Boost), High Templar x2  
  118  7:22  Charge (Chrono Boost)  
  123  7:24  Probe (Chrono Boost)  
  123  7:26  Probe (Chrono Boost)  
  126  7:30  Probe (Chrono Boost)  
  126  7:32  Probe (Chrono Boost)  
  126  7:33  Probe (Chrono Boost)  
  126  7:35  Probe (Chrono Boost)  
  129  7:38  Probe (Chrono Boost)  
  129  7:39  Archon  
  129  7:40  Assimilator  
  129  7:41  Zealot x4  
  129  7:43  Assimilator  
  138  7:46  Gateway  
  138  7:48  Probe x2  
  138  7:49  Gateway  
  140  8:07  Pylon x2  
  140  8:09  Pylon  
  140  8:15  Forge  
  140  8:17  Robotics Facility  
  140  8:18  Nexus  
  140  8:20  Pylon  
  140  8:23  Pylon  
  140  8:24  Zealot  
  140  8:25  Probe, Zealot x2  
  147  8:34  Zealot, Gateway  
  147  8:35  Zealot x4, Gateway  
  147  8:36  Pylon  
  157  8:43  Zealot x2  
  157  8:47  Psionic Storm  
  161  8:53  Protoss Ground Armor Level 1 (Chrono Boost)  
  161  8:54  Stalker x3  
  167  9:01  Pylon  
  161  9:03  Pylon  
  161  9:06  Zealot x10  
  177  9:12  Warp Prism (Chrono Boost)  
  155  9:20  Photon Cannon  
  155  9:21  Photon Cannon  
  155  9:22  Photon Cannon  
  155  9:24  Photon Cannon  
  155  9:26  High Templar x3, Photon Cannon  
  155  9:28  High Templar x4  
  155  9:29  High Templar x3  
  155  9:30  High Templar  
  177  9:33  Archon  
  177  9:35  Photon Cannon  
  177  9:38  Photon Cannon  
  177  9:39  Archon  
  177  9:40  Shield Battery  
  165  9:48  Zealot  
  161  9:59  Zealot x3  
  157  10:00  Zealot x4  
  157  10:04  Probe x3  
  157  10:05  Probe  
  164  10:13  Stalker x5  
  174  10:18  Probe x2  
  174  10:19  Observer (Chrono Boost)  
  177  10:26  Zealot x2  
  177  10:27  Zealot x5  
  175  10:36  Archon x2  
  171  10:43  Stalker x4  
  171  10:48  High Templar x5  
  189  10:51  Zealot x3  
  189  10:54  Archon  
  189  10:55  Archon, Photon Cannon  
  195  10:58  Probe  
  195  10:59  Probe, Shield Battery  
  195  11:00  Photon Cannon  
  197  11:21  Warp Prism (Chrono Boost)  
  177  11:28  Zealot x12  
  162  11:40  Probe x2  
Tags
 
Add a new tag
Caveats
  • Supply blocks, unpowered buildings, or Contaminate may cause inaccurate times.
  • Supply counts are checked every 10 seconds.